 Dungeon Crawl Stone Soup version 0.17.0-28-g6e173f8 (webtiles) character file.

92 dohliylev the Stinger (level 4, -1/24 HPs)
             Began as a Gargoyle Venom Mage on Dec 1, 2015.
             Slain by Crazy Yiuf
             ... wielding a +2 quarterstaff of chaos
              (5 damage)
             ... on level 3 of the Dungeon.
             The game lasted 00:14:38 (2299 turns).

dohliylev the Stinger (Gargoyle Venom Mage)         Turns: 2299, Time: 00:14:38

Health: -1/24      AC:  5    Str: 11    XL:     4   Next: 60%
Magic:  1/8        EV:  7    Int: 17    God:
Gold:   89         SH:  0    Dex: 13    Spells: 3 memorised, 1 level left

rFire  . . .     SeeInvis .     t - +0 mace (crush)
rCold  . . .     Clarity  .     a - +0 robe
rNeg   + . .     SustAt   .     (no shield)
rPois  ∞         Gourm    .     (no helmet)
rElec  +         Spirit   .     (no cloak)
rCorr  .         Warding  .     (no gloves)
rMut   .         Stasis   .     (no boots)
MR     .....                    (no amulet)
Stlth  ++........               (no ring)
                                r - +3 ring of dexterity

@: very slightly contaminated, not resistant to hostile enchantments, unstealthy
A: negative energy resistance 1, electricity resistance, unbreathing,
petrification resistance, rot immunity, AC +3
a: no special abilities


You were on level 3 of the Dungeon.
You were not hungry.

You visited 1 branch of the dungeon, and saw 3 of its levels.

You collected 89 gold pieces.

Inventory:

Hand Weapons
 t - a +0 mace of crushing (weapon)
Armour
 a - a +0 robe (worn)
Jewellery
 r - a +3 ring of dexterity (left hand)
Scrolls
 d - a scroll of random uselessness {unknown}
 h - a scroll of recharging {unknown}
 j - a scroll of enchant weapon {unknown}
 m - a scroll of teleportation {unknown}
 n - 2 scrolls of identify {unknown}
 p - a scroll of magic mapping {unknown}
Potions
 e - a potion of might {unknown}
 i - a potion of curing {unknown}
 k - 2 potions of mutation {unknown}
 l - 2 potions of brilliance {unknown}
 o - a potion of heal wounds {unknown}
 s - 2 potions of resistance {unknown}
Books
 b - a Young Poisoner's Handbook

   Spells                             Type                      Level
   a - Sting                          Conjuration/Poison           1
   b - Cure Poison                    Poison                       2
   c - Mephitic Cloud                 Conjuration/Poison/Air       3
   d - Olgreb's Toxic Radiance        Poison                       4
   e - Venom Bolt                     Conjuration/Poison           5
Comestibles
 c - 2 bread rations
 f - a meat ration
 q - 2 chunks of flesh


   Skills:
 + Level 1.9 Dodging
 - Level 2.1 Stealth
 * Level 3.0 Spellcasting
 + Level 1.0 Conjurations
 + Level 4.8 Poison Magic


You had one spell level left.
You knew the following spells:

 Your Spells              Type           Power        Failure   Level  Hunger
a - Sting                 Conj/Pois      ##..         6%          1    None
b - Mephitic Cloud        Conj/Pois/Air  #.......     24%         3    ###....
c - Olgreb's Toxic Radia  Pois           ###.....     24%         4    ####...


Dungeon Overview and Level Annotations

Branches:
Dungeon (3/15)

Altars:
Cheibriados
Makhleb
Nemelex Xobeh
Yredelemnul
Zin
The Shining One

Annotations:
D:3 Crazy Yiuf


Innate Abilities, Weirdness & Mutations

You are resistant to torment.
Your stone body is resilient (AC +3).
You are immune to poison.
You resist negative energy.
You are resistant to electric shocks.
You can survive without breathing.
You are immune to petrification.
You are immune to rotting.


Message History

Aim: Crazy Yiuf, wielding a quarterstaff of chaos and wearing a cloak (lightly wounded)
The sting misses Crazy Yiuf.
Crazy Yiuf cries, "Gnoll shoe meccalolo!"
Crazy Yiuf hits you with a quarterstaff of chaos!
Ouch! That really hurt!
Crazy Yiuf burns you.
You barely miss Crazy Yiuf.
Crazy Yiuf is lightly wounded.
Crazy Yiuf cries, "You leg down broken song, no?"
Crazy Yiuf hits you with a quarterstaff of chaos.
* * * LOW HITPOINT WARNING * * *
Crazy Yiuf burns you.
* * * LOW HITPOINT WARNING * * *
There is a stone staircase leading down here.
You can't go up here!
Crazy Yiuf barely misses you.
You climb downwards.
There is a stone staircase leading up here.
Crazy Yiuf hits you with a quarterstaff of chaos.
You die... ######### #@g...... #########

You could see Crazy Yiuf.

Vanquished Creatures
  Jessica (D:2)
  2 adders (D:2)
  An ooze (D:1)
  2 worms (D:2)
  3 bats
  5 goblins (D:2)
  6 hobgoblins
  5 giant geckos
  7 kobolds
  8 rats
40 creatures vanquished.

Notes
Turn   | Place    | Note
--------------------------------------------------------------
     0 | D:1      | dohliylev the Gargoyle Venom Mage began the quest for the Orb.
     0 | D:1      | Reached XP level 1. HP: 10/10 MP: 3/3
   320 | D:1      | Reached XP level 2. HP: 15/15 MP: 3/5
   813 | D:1      | Reached XP level 3. HP: 11/19 MP: 0/6
  1186 | D:2      | Learned a level 3 spell: Mephitic Cloud
  1365 | D:2      | Found a burning altar of Makhleb.
  1745 | D:2      | Found a glowing golden altar of the Shining One.
  1978 | D:2      | Found a sparkling altar of Nemelex Xobeh.
  1983 | D:2      | Found a snail-covered altar of Cheibriados.
  1987 | D:2      | Reached XP level 4. HP: 24/24 MP: 1/8
  1993 | D:2      | Learned a level 4 spell: Olgreb's Toxic Radiance
  2122 | D:2      | Found a basalt altar of Yredelemnul.
  2125 | D:2      | Found a glowing silver altar of Zin.
  2125 | D:2      | Noticed Jessica
  2128 | D:2      | Killed Jessica
  2128 | D:2      | Reached skill level 1 in Conjurations
  2270 | D:2      | Noticed Crazy Yiuf
  2299 | D:3      | Slain by Crazy Yiuf

Action                   |  1- 3 |  4- 6 || total
-------------------------+-------+-------++-------
Melee: Unarmed           |     4 |       ||     4
       Club              |    20 |     2 ||    22
       Mace              |       |     1 ||     1
 Cast: Sting             |    92 |     3 ||    95
       Mephitic Cloud    |     1 |     1 ||     2
       Olgreb's Toxic Ra |       |     3 ||     3
  Eat: Chunk             |     5 |     2 ||     7
